 Dungeon Crawl Stone Soup version 0.28-a0-1555-g9ae15a6949 (webtiles) character file.

Game seed: 16120204964581992232

130 mordus the Slasher (level 5, -2/41 HPs)
             Began as a Formicid Abyssal Knight on Jan 18, 2022.
             Was a Believer of Lugonu.
             Slain by an ice beast (6 damage)
             ... on level 3 of the Dungeon.
             The game lasted 00:04:28 (2804 turns).

mordus the Slasher (Formicid Abyssal Knight)        Turns: 2804, Time: 00:04:29

Health: -2/41      AC:  9    Str: 19    XL:     5   Next: 36%
Magic:  6/6        EV:  4    Int: 10    God:    Lugonu [**....]
Gold:   76         SH: 11    Dex: 11    Spells: 4/4 levels left

rFire   + . .      SeeInvis +   a - +1 falchion
rCold   + . .      Faith    .   q - +0 tower shield
rNeg    . . .      Spirit   .   t - +0 chain mail
rPois   .          Reflect  .   (helmet unavailable)
rElec   .          Harm     .   n - scarf {rC+ rF+}
rCorr   .          Rampage  .   (no gloves)
Will    .....                   (no boots)
Stlth   ..........              (no amulet)
HPRegen 0.13/turn               (no ring)
MPRegen 0.10/turn               (no ring)

@: no status effects
A: permanent stasis, dig shafts and tunnels, antennae 3, four strong arms
a: Dig, Shaft Self, Renounce Religion, Depart the Abyss, Bend Space


You were on level 3 of the Dungeon.
You worshipped Lugonu.
Lugonu was pleased with you.
You visited 1 branch of the dungeon, and saw 3 of its levels.
You visited the Abyss 1 time.

You collected 76 gold pieces.

Inventory:

Hand Weapons
 a - a +1 falchion (weapon)
 m - a +1 short sword of flaming
 o - a +0 long sword
Armour
 n - a scarf of resistance (worn)
 q - a +0 tower shield (worn)
 t - a +0 chain mail (worn)
Jewellery
 b - an amulet of faith
 i - an amulet of magic regeneration
Scrolls
 f - 2 scrolls of identify {unknown}
 h - 2 scrolls of holy word {unknown}
 j - a scroll of teleportation {unknown}
 k - a scroll of vulnerability {unknown}
 l - a scroll of summoning {unknown}
 p - a scroll of fog {unknown}
 r - 3 scrolls of enchant weapon {unknown}
Potions
 c - 2 potions of brilliance {unknown}
 d - a potion of ambrosia {unknown}
 e - a potion of lignification {unknown}
 g - 2 potions of curing {unknown}
 s - a potion of resistance {unknown}


   Skills:
 - Level 3.2 Fighting
 * Level 4.1 Long Blades
 + Level 3.4 Armour
 - Level 0.8 Dodging
 * Level 1.8 Shields
 - Level 2.1 Invocations


You had 4 spell levels left.
You didn't know any spells.
Your spell library contained the following spells:

 Spells                   Type           Power      Damage    Failure   Level
 Ignite Poison            Fire/Tmut/Pois 0%         N/A       100%        3
 Mephitic Cloud           Conj/Pois/Air  0%         N/A       100%        3
 Freezing Cloud           Conj/Ice/Air   0%         6-21      100%        5


Dungeon Overview and Level Annotations

Branches:
Dungeon (3/15)

Altars:


Innate Abilities, Weirdness & Mutations

You cannot be hasted, slowed, berserked, paralysed or teleported.
You can dig through walls and to a lower floor.
You have a pair of large antennae on your head. (SInv)
Your four strong arms can wield two-handed weapons with a shield.


Message History

The ice beast hits you but does no damage. x2
You barely miss the ice beast.
The ice beast is heavily wounded.
The ice beast hits you but does no damage.
You completely miss the ice beast.
The ice beast is heavily wounded.
The ice beast hits you. The ice beast freezes you. You resist.
* * * LOW HITPOINT WARNING * * *
You hit the ice beast.
The ice beast is severely wounded.
The ice beast barely misses you. You block the ice beast's attack.
You hit the ice beast but do no damage.
The ice beast is severely wounded.
The ice beast hits you but does no damage.
You hit the ice beast.
The ice beast is severely wounded.
The ice beast hits you.
* * * LOW HITPOINT WARNING * * *
The ice beast freezes you. You resist.
* * * LOW HITPOINT WARNING * * *
The ice beast hits you but does no damage.
You closely miss the ice beast.
The ice beast is severely wounded.
You block the ice beast's attack.
You hit the ice beast.
The ice beast is almost dead.
You block the ice beast's attack.
The ice beast hits you but does no damage.
You hit the ice beast.
The ice beast is almost dead.
The ice beast hits you but does no damage.
You hit the ice beast but do no damage.
The ice beast is almost dead.
The ice beast completely misses you.
You barely miss the ice beast.
The ice beast is almost dead.
The ice beast hits you.
* * * LOW HITPOINT WARNING * * *
The ice beast freezes you. You resist.
You die...

{ ...#.#≈≈≈≈≈≈≈≈≈≈≈≈≈#..#
#.....≈≈≈≈≈≈≈≈≈#≈†...#
#####.#.#.#.≈≈≈≈≈≈≈.#.#..#
.Y.........##≈≈.≈≈#...#..#
#####..#.## #.......#..#
#..#.#####..######..####
#..#........†...........
######>############.......##
...........Y@.....†..........
####################........#
#........# #........# {
#........# #.........
#......... ########.. #..


You could see an ice beast.

Vanquished Creatures
  Natasha (D:2)
  2 adders (D:2)
  A gnoll (D:3)
  2 worms (D:2)
  7 dart slugs
  6 orcs
  5 endoplasms
  6 giant cockroaches
  4 goblins
  2 hobgoblins
  2 kobolds
  2 quokkas
  4 ball pythons
  3 bats
  3 rats
50 creatures vanquished.

Vanquished Creatures (others)
  8 plants (D:1)
8 creatures vanquished.

Grand Total: 58 creatures vanquished

Notes
Turn   | Place    | Note
-------+----------+-------------------------------------------
     0 | Abyss:1  | mordus the Formicid Abyssal Knight began the quest for the
                  | Orb.
     0 | Abyss:1  | Reached XP level 1. HP: 18/18 MP: 2/2
    51 | Abyss:1  | Noticed a starcursed mass
    52 | D:1      | Escaped the Abyss
   245 | D:1      | Found a faded altar of an unknown god.
   253 | D:1      | Reached XP level 2. HP: 24/24 MP: 3/3
   289 | D:1      | Reached * piety under Lugonu
   875 | D:2      | Reached XP level 3. HP: 25/29 MP: 4/4
   953 | D:2      | Reached skill level 3 in Long Blades
  1601 | D:2      | Reached XP level 4. HP: 35/35 MP: 5/5
  1956 | D:2      | Reached ** piety under Lugonu
  2376 | D:3      | Noticed Natasha
  2384 | D:2      | Killed Natasha
  2385 | D:2      | Reached skill level 1 in Shields
  2565 | D:2      | Reached XP level 5. HP: 36/41 MP: 6/6
  2667 | D:3      | Reached skill level 4 in Long Blades
  2760 | D:3      | Noticed an ice beast
  2804 | D:3      | Slain by an ice beast

Illustrated notes

Levels and vault maps discovered:
D:1:      roderic_crop_circles_arrival_small, layout_rooms,
          hellmonk_ecumenical_altar_run_dry
D:2:      layout_basic, hex_tiny, wad_floor_pattern_untrapped
D:3:      kennysheep_slugbush, layout_basic, st_stairs_1, uniq_natasha,
          uniq_ijyb, uniq_sigmund, uniq_grinder

Skill      XL: |  1  2  3  4  5 |
---------------+----------------+-----
Long Blades    | 3 4 |  4.1
Armour         | 3 |  3.4
Shields        | 1 |  1.8
Fighting       | |  3.2
Dodging        | |  0.8
Invocations    | |  2.1

Action                   |  1- 3 |  4- 6 || total
-------------------------+-------+-------++-------
Melee: Falchion          |    60 |   125 ||   185
       Punch             |     1 |       ||     1
Invok: Depart the Abyss  |     1 |       ||     1
Armor: Leather armour    |    19 |    10 ||    29
       Chain mail        |       |    61 ||    61
Dodge: Dodged            |    40 |    37 ||    77
Block: Tower shield      |       |    66 ||    66

Table legend: (Time is in decaauts)
 A = Elapsed time spent in this place.
 B = Non-inter-level travel time spent in this place.
 C = Inter-level travel time spent in this place.
 D = Time resting spent in this place.
 E = Time spent auto-exploring this place.
 F = Levels seen in this place.
 G = Mean time per level.
                   A        B        C        D        E       F      G
               +--------+--------+--------+--------+--------+-----+--------+
         Total |   2863 |   2739 |    124 |    608 |   1511 |   4 |  715.8 |
       Dungeon |   2811 |   2687 |    124 |    608 |   1460 |   3 |  937.0 |
         Abyss |     52 |     52 |      0 |      0 |     51 |   1 |   52.0 |
               +--------+--------+--------+--------+--------+-----+--------+

Top non-repeatable levels by time:
     D:2: 1802 daAuts
     D:1: 784 daAuts
     D:3: 224 daAuts
 Abyss:1: 52 daAuts
